 Dungeon Crawl Stone Soup version 0.31-a0-466-g98c9adc2b6 (webtiles) character file.

Game seed: 14367901203096469211

294 MisterAzrael the Chopper (level 6, 0/56 HPs)
             Began as a Hill Orc Fighter on Aug 5, 2023.
             Was an Initiate of Jiyva.
             Killed from afar by Sigmund (8 damage)
             ... with a magic dart
             ... on level 3 of the Dungeon.
             The game lasted 00:03:45 (2755 turns).

MisterAzrael the Chopper (Hill Orc Fighter)         Turns: 2755, Time: 00:03:46

Health: 0/56       AC: 11    Str: 21    XL:     6   Next: 33%
Magic:  6/6        EV:  4    Int:  8    God:    Jiyva [......]
Gold:   128        SH:  8    Dex: 10    Spells: 5/5 levels left

rFire   . . .        a - +0 war axe
rCold   . . .        k - +0 kite shield
rNeg    + . .        g - +0 plate armour
rPois   .            (no helmet)
rElec   .            (no cloak)
rCorr   .            (no gloves)
SInv    .            (no boots)
Will    +....        (no amulet) Stlth
                     h - ring of positive energy
HPRegen 0.29/turn    (no ring)
MPRegen 0.10/turn

%: no passive effects
@: mighty, lethally poisoned (0 -> -2), enlightened, flying
A: robust 1
a: Renounce Religion


You were on level 3 of the Dungeon.
You worshipped Jiyva.
Jiyva was noncommittal.
You visited 1 branch of the dungeon, and saw 3 of its levels.
You also visited: Sewer.

You collected 128 gold pieces.

Inventory:

Hand Weapons
 a - a +0 war axe (weapon)
Armour
 b - a +0 scale mail
 c - a +0 buckler
 g - a +0 plate armour (worn)
 k - a +0 kite shield (worn)
Jewellery
 h - a ring of positive energy (left hand)
Talismans
 n - a blade talisman
Scrolls
 f - 4 scrolls of immolation {unknown}
 j - 2 scrolls of identify {unknown}
 l - a scroll of blinking {unknown}
 m - a scroll of enchant armour {unknown}
 o - a scroll of amnesia {unknown}
 p - a scroll of fear {unknown}
 q - a scroll of revelation {unknown}
 v - a scroll of brand weapon {unknown}
 w - 3 scrolls of butterflies {unknown}
Potions
 d - a potion of might
 e - 2 potions of curing
 i - a potion of enlightenment
 r - a potion of invisibility {unknown}
 s - 2 potions of mutation
 t - a potion of magic
 u - a potion of brilliance {unknown}


   Skills:
 - Level 3.6 Fighting
 * Level 7.9 Axes
 - Level 3.2 Armour
 * Level 4.2 Shields


You had 5 spell levels left.
You didn't know any spells.
Your spell library contained the following spells:

 Spells                   Type           Power      Damage    Failure   Level
 Slow                     Hex            0%         N/A       100%        1
 Ensorcelled Hibernation  Hex/Ice        0%         N/A       100%        2
 Confusing Touch          Hex            0%         N/A       100%        3
 Vampiric Draining        Necr           0%         2d6       100%        3
 Anguish                  Hex/Necr       0%         N/A       100%        4


Dungeon Overview and Level Annotations

Branches:
Dungeon (3/15)              Sewer (visited)

Altars:

Annotations:
D:3 Sigmund


Innate Abilities, Weirdness & Mutations

You are robust. (+10% HP)


Message History

You barely miss something.
* * * LOW HITPOINT WARNING * * *
You feel very sick.
You miss something.
* * * LOW HITPOINT WARNING * * *
You feel very sick. Something hits you but does no damage.
You barely miss something.
* * * LOW HITPOINT WARNING * * *
You feel sick. Something hits you but does no damage.
You are lethally poisoned!
You barely miss something.
* * * LOW HITPOINT WARNING * * *
You feel very sick.
You hear some strange, mumbled words.
A puff of flame appears from out of thin air!
The puff of flame hits you but does no damage.
You miss something.
* * * LOW HITPOINT WARNING * * *
You feel very sick. Something hits you but does no damage.
You are more poisoned.
It was a potion of curing.
You feel better. Something hits you.
* * * LOW HITPOINT WARNING * * *
You are lethally poisoned!
You feel better.
You feel better. Something hits you.
* * * LOW HITPOINT WARNING * * *
You are poisoned.
It was a potion of mutation.
You feel extremely strange.
You feel robust.
You feel sick. Something completely misses you.
It was a potion of enlightenment.
You feel very buoyant.
You fly up into the air.
You feel sick.
It was a potion of magic.
Magic courses through your body.
You feel sick.
You hear some strange, mumbled words.
A magic dart appears from out of thin air!
The magic dart hits you!
You die...

....>### .......#
..# ##...#.# #.#
##..<... #.#
.....### #.#
........ #.#
.....#### #.#
......... #{#
.....#### #@#
.....#..#### #.#
............ #.#
.....###########.#.#
...................#
.....###########.###
.....# #... .....#
##### .....#


There were no monsters in sight!

Vanquished Creatures
  4 jellies (Sewer)
  An orc wizard (D:3)
  4 adders
  3 worms
  4 dart slugs
  4 orcs (D:3)
  15 ball pythons
  6 bats
  13 endoplasms
  2 giant cockroaches (Sewer)
  10 goblins
  5 hobgoblins
  2 jackals (D:1)
  5 quokkas
  3 frilled lizards
  5 kobolds
  11 rats
97 creatures vanquished.

Notes
Turn   | Place    | Note
-------+----------+-------------------------------------------
     0 | D:1      | MisterAzrael the Hill Orc Fighter began the quest for the
                  | Orb.
     0 | D:1      | Reached XP level 1. HP: 19/19 MP: 1/1
    58 | D:1      | Reached skill level 3 in Axes
   106 | D:1      | Reached XP level 2. HP: 20/26 MP: 2/2
   256 | D:1      | Reached skill level 4 in Axes
   378 | D:1      | Reached XP level 3. HP: 31/31 MP: 3/3
   868 | D:1      | Reached skill level 5 in Axes
  1247 | D:2      | Reached XP level 4. HP: 30/39 MP: 4/4
  1514 | D:3      | Reached skill level 6 in Axes
  1683 | D:3      | Reached XP level 5. HP: 7/45 MP: 5/5
  1909 | D:3      | Found a glowing drain.
  1913 | Sewer    | Entered a sewer
  1985 | Sewer    | Reached skill level 7 in Axes
  2216 | Sewer    | Reached XP level 6. HP: 51/51 MP: 6/6
  2227 | Sewer    | Found a viscous altar of Jiyva.
  2316 | Sewer    | Became a worshipper of Jiyva Jusch the Shapeless
  2734 | D:3      | Noticed Sigmund
  2749 | D:3      | HP: 1/51 [poisoned by Sigmund]
  2753 | D:3      | Gained mutation: You are robust. (+10% HP) [potion of
                  | mutation]
  2755 | D:3      | Killed from afar by Sigmund

Illustrated notes

Levels and vault maps discovered:
D:1:      amcnicky_arrival_underground_garden, layout_loops_corners,
          minmay_misc_feat_plants, minmay_quantized
D:2:      layout_rooms
D:3:      layout_basic, gup_sewer_entry_spiral, uniq_sigmund

Skill      XL: |  1  2  3  4  5  6 |
---------------+-------------------+-----
Axes           | 3 4 5 6 7 |  7.9
Shields        | 4 |  4.2
Fighting       | |  3.6
Armour         | |  3.2

Action                     |  1- 3 |  4- 6 || total
---------------------------+-------+-------++-------
  Melee: War axe           |   136 |   174 ||   310
    Use: Potion            |       |     7 ||     7
 Armour: Scale mail        |    21 |       ||    21
         Plate armour      |    49 |    93 ||   142
  Dodge: Dodged            |    46 |    25 ||    71
  Block: Buckler           |    21 |       ||    21
         Kite shield       |    21 |    64 ||    85

Table legend: (Time is in decaauts)
 A = Elapsed time spent in this place.
 B = Non-inter-level travel time spent in this place.
 C = Inter-level travel time spent in this place.
 D = Time resting spent in this place.
 E = Time spent auto-exploring this place.
 F = Levels seen in this place.
 G = Mean time per level.
                   A        B        C        D        E       F      G
               +--------+--------+--------+--------+--------+-----+--------+
         Total |   2935 |   2922 |     13 |    157 |   1861 |   4 |  733.8 |
       Dungeon |   2446 |   2433 |     13 |    157 |   1629 |   3 |  815.3 |
         Sewer |    488 |    488 |      0 |      0 |    231 |   1 |  488.0 |
               +--------+--------+--------+--------+--------+-----+--------+

Top non-repeatable levels by time:
     D:3: 977 daAuts
     D:1: 952 daAuts
     D:2: 517 daAuts
   Sewer: 488 daAuts
